 Dungeon Crawl Stone Soup version 0.19.1 (webtiles) character file.

33332 BarneyGumball the Severer (level 13, -9/95 HPs)
             Began as a Minotaur Fighter on Dec 29, 2016.
             Was the Champion of Okawaru.
             Mangled by an eight-headed hydra (10 damage)
             ... on level 4 of the Lair of Beasts on Dec 30, 2016.
             The game lasted 01:23:09 (16392 turns).

BarneyGumball the Severer (Minotaur Fighter)       Turns: 16392, Time: 01:23:10

Health: -9/95      AC: 17    Str: 28    XL:     13   Next: 36%
Magic:  0/12       EV: 23    Int:  5    God:    Okawaru [******]
Gold:   483        SH:  0    Dex: 14    Spells: 0 memorised, 12 levels left

rFire  + . .     SeeInvis .     y - +1 executioner's axe (chop)
rCold  + . .     Gourm    .     z - +4 ring mail {rC+}
rNeg   . . .     Faith    .     (shield currently unavailable)
rPois  +         Spirit   +     (helmet restricted)
rElec  .         Reflect  .     l - +1 cloak of Afuaho {*Corrode rF+ Slay+5}
rCorr  .         Harm     .     S - +2 pair of gloves
MR     .....                    (no boots)
Stlth  ++........               p - amulet of guardian spirit
                                x - ring of poison resistance
                                N - +6 ring of strength

@: heroism
A: retaliatory headbutt, horns 2
a: Heroism, Finesse, Renounce Religion


You were on level 4 of the Lair of Beasts.
You worshipped Okawaru.
Okawaru was exalted by your worship.
You were not hungry.

You visited 3 branches of the dungeon, and saw 15 of its levels.

You collected 789 gold pieces.
You spent 306 gold pieces at shops.

Inventory:

Hand Weapons
 a - a +0 war axe
 y - a +1 executioner's axe of chopping (weapon)
 D - a +0 hand axe of flaming
Armour
 c - a +0 shield
 l - the +1 cloak of Afuaho (worn) {*Corrode rF+ Slay+5}
   (Okawaru gifted it to you on level 4 of the Lair of Beasts)

   It affects your accuracy and damage with ranged weapons and melee attacks
   (+5).
   It protects you from fire.
   It may corrode you when you take damage.
 u - a +0 scale mail of fire resistance
 z - a +4 ring mail of cold resistance (worn)
 H - a +0 cloak of magic resistance
 S - a +2 pair of gloves (worn)
Jewellery
 m - an uncursed ring of protection from cold
 n - an uncursed ring of flight
 p - an amulet of guardian spirit (around neck)
 x - a ring of poison resistance (right hand)
 N - a +6 ring of strength (left hand)
 P - an uncursed amulet of rage
 W - an uncursed ring of resist corrosion
Wands
 d - a wand of confusion (7/48)
 e - a wand of acid (10/15)
 g - a wand of polymorph (5/24)
 v - a wand of flame (9/48)
 O - a wand of paralysis (19/24)
 R - a wand of slowing (48/48)
Scrolls
 b - 4 scrolls of amnesia
 j - a scroll of identify
 o - a scroll of immolation
 w - 4 scrolls of magic mapping
 B - a scroll of remove curse
 G - a scroll of fear {unknown}
 J - 2 scrolls of recharging
 K - 2 scrolls of enchant weapon
Potions
 i - a potion of curing
 r - 3 potions of brilliance
 s - 2 potions of cancellation
 A - 3 potions of magic
 E - a potion of flight
 I - 4 potions of lignification
Books
 t - a book of Changes

   Spells                             Type                      Level
   a - Beastly Appendage              Transmutation                1
   b - Sticks to Snakes               Transmutation                2
   c - Spider Form                    Transmutation/Poison         3
   d - Ice Form                       Ice/Transmutation            4
   e - Blade Hands                    Transmutation                5
 F - a Young Poisoner's Handbook

   Spells                             Type                      Level
   a - Sting                          Conjuration/Poison           1
   b - Mephitic Cloud                 Conjuration/Poison/Air       3
   c - Olgreb's Toxic Radiance        Poison                       4
   d - Alistair's Intoxication        Transmutation/Poison         5
   e - Venom Bolt                     Conjuration/Poison           5
 M - a book of Conjurations

   Spells                             Type                      Level
   a - Magic Dart                     Conjuration                  1
   b - Searing Ray                    Conjuration                  2
   c - Dazzling Spray                 Conjuration/Hexes            3
   d - Fulminant Prism                Conjuration/Hexes            4
   e - Iskenderun's Mystic Blast      Conjuration                  4
   f - Iskenderun's Battlesphere      Conjuration/Charms           5
 T - a book of Cantrips

   Spells                             Type                      Level
   a - Confusing Touch                Hexes                        1
   b - Animate Skeleton               Necromancy                   1
   c - Summon Small Mammal            Summoning                    1
   d - Apportation                    Translocation                1
Comestibles
 f - 6 bread rations
 h - 6 meat rations
 k - 15 royal jellies
 q - 6 fruits
 C - 4 chunks of flesh
 Q - 8 slices of pizza


   Skills:
 - Level 3.6(8.6) Fighting
 - Level 20.5(25.5) Axes
 + Level 5.1(10.1) Armour
 - Level 13.5(18.5) Dodging
 - Level 0.3(5.3) Stealth
 - Level 3.6(8.6) Shields


You had 12 spell levels left.
You didn't know any spells.

Dungeon Overview and Level Annotations

Branches:
Dungeon (10/15)            Temple (1/1) D:5            Lair (4/6) D:8
  Swamp (0/4) Lair:3       Spider (0/4) Lair:2
    Orc: D:9-12

Altars:
Cheibriados
Dithmenos
Elyvilon
Fedhas
Gozag
Kikubaaqudgha
Makhleb
Nemelex Xobeh
Okawaru
Qazlal
Ru
Sif Muna
Vehumet
Xom
Yredelemnul

Shops:
D:5 !   D:7 *

Annotations:
D:2 Robin, Sigmund
D:4 Edmund, Menkaure
Lair:1 Gastronok


Innate Abilities, Weirdness & Mutations

You reflexively headbutt those who attack you in melee.
You have a pair of horns on your head.


Message History

The rime drake breathes ice at you. The flash freeze misses you.
The eight-headed hydra bites you!
* * * LOW HITPOINT WARNING * * *
The eight-headed hydra closely misses you.
The eight-headed hydra misses you.
The eight-headed hydra barely misses you.
The eight-headed hydra bites you but does no damage.
The eight-headed hydra completely misses you.
The eight-headed hydra misses you.
The eight-headed hydra completely misses you.
Okay, then.
Evoke which item? (* to show all) (? for menu, Esc to quit)
Zapping:
g - a wand of polymorph (will waste charges)
Press: ? - help, Shift-Dir - straight line, f - eight-headed hydra
Aim: an eight-headed hydra (chance to defeat MR: 15%)
The eight-headed hydra resists with almost no effort.
Evoking this partially-identified wand wasted a few charges.
The rime drake misses you. You furiously retaliate!
You headbutt the rime drake! The eight-headed hydra bites you!
You die...

##### ####.#.# #.#....#
##..#.###### ###
##)#.†....# ### #.######
#.#......#
###.####.#.##.###.#......#
...............D@.#......#
###...##......#k..#......#
######....##############
## ######...#### ###.#
##.#...P#...##.####.#.#
......................#
..##P..#######....#...##
.# ###.# ###.###...# ##
#.# ### ##..#


You could see an eight-headed hydra and a rime drake.

Vanquished Creatures
  An ice dragon (Lair:4)
  2 catoblepae
  3 death yaks (Lair:3)
  Urug (Lair:4)
  The ghost of Host24 the Fighter, a novice KoHu of Okawaru (Lair:1)
  A lindwurm (Lair:4)
  2 manticores (Lair:4)
  4 black mambas
  7 elephants (Lair:4)
  7 spiny frogs
  2 rime drakes
  7 komodo dragons
  2 queen bees (Lair:4)
  5 meliai (Lair:4)
  3 polar bears (Lair:4)
  Prince Ribbit (D:8)
  6 blink frogs
  9 hippogriffs
  30 yaks
  2 wyverns
  3 hogs (D:7)
  2 redbacks
  A human (D:7)
  A basilisk (Lair:3)
  7 water moccasins
  3 orc warriors
  6 porcupines
  A hornet zombie (D:7)
  2 phantoms
  A black bear (D:9)
  2 ice beasts
  2 sky beasts
  5 ogres
  6 wolves (Lair:4)
  4 centaurs
  7 crocodiles
  7 bullfrogs
  A gnoll sergeant (D:6)
  2 scorpions
  58 killer bees
  4 wights (D:7)
  2 electric eels
  3 crimson imps
  A jelly (D:6)
  A hound (D:7)
  2 bullfrog skeletons (D:8)
  An orc priest (D:5)
  2 gnoll shamans
  5 orc wizards
  3 iguanas
  Terence (D:2)
  Ijyb (D:1)
  2 worker ants
  A hound zombie (D:7)
  2 hound skeletons
  14 gnolls
  10 adders
  2 shadow imps
  2 oozes
  An adder zombie (D:7)
  2 adder skeletons
  A worm (D:3)
  2 dart slugs
  3 leopard geckos
  12 orcs
  3 bats
  5 bat zombies (D:8)
  4 giant cockroaches
  6 goblins
  4 hobgoblins
  15 jackals
  2 quokkas
  5 frilled lizards
  9 kobolds
  A quokka skeleton (D:7)
  A quokka zombie (D:9)
  15 rats
  A rat zombie (D:8)
  A spectral orc (D:2)
  3 fungi
372 creatures vanquished.

Vanquished Creatures (others)
  A polar bear (Lair:4)
  6 fungi
  6 plants (Lair:4)
13 creatures vanquished.

Grand Total: 385 creatures vanquished

Notes
Turn   | Place    | Note
-------+----------+-------------------------------------------
     0 | D:1      | BarneyGumball the Minotaur Fighter began the quest for the Orb.
     0 | D:1      | Reached XP level 1. HP: 19/19 MP: 0/0
    90 | D:1      | Reached skill level 3 in Axes
   151 | D:1      | Reached XP level 2. HP: 26/26 MP: 1/1
   718 | D:2      | Reached skill level 4 in Axes
   718 | D:2      | Reached XP level 3. HP: 24/31 MP: 2/2
   728 | D:2      | Reached skill level 1 in Dodging
   817 | D:2      | Noticed Terence
   824 | D:2      | Killed Terence
   894 | D:2      | Reached XP level 4. HP: 38/39 MP: 3/3
  1005 | D:2      | Found a basalt altar of Yredelemnul.
  1061 | D:2      | Reached skill level 5 in Axes
  1070 | D:2      | Noticed Ijyb
  1083 | D:2      | Noticed Sigmund
  1104 | D:1      | Killed Ijyb
  1175 | D:2      | Noticed Robin
  1445 | D:3      | Found a shadowy altar of Dithmenos.
  1612 | D:3      | Found a sacrificial altar of Ru.
  1916 | D:4      | Noticed Edmund
  1954 | D:3      | Reached skill level 6 in Axes
  1954 | D:3      | Reached XP level 5. HP: 33/45 MP: 4/4
  2070 | D:4      | Found a deep blue altar of Sif Muna.
  2146 | D:4      | Found a sparkling altar of Nemelex Xobeh.
  2460 | D:4      | Noticed Menkaure
  2638 | D:5      | Entered Level 5 of the Dungeon
  2670 | D:5      | Found Houlaecwu's Distillery.
  2685 | D:5      | Bought a potion of flight for 36 gold pieces
  2685 | D:5      | Bought a potion of haste for 120 gold pieces
  2700 | D:5      | Noticed a hippogriff
  2705 | D:5      | Killed a hippogriff
  2705 | D:5      | Reached skill level 7 in Axes
  2705 | D:5      | Reached XP level 6. HP: 40/51 MP: 3/5
  3074 | D:5      | Found a blossoming altar of Fedhas.
  3382 | D:5      | Found a staircase to the Ecumenical Temple.
  3391 | Temple   | Entered the Ecumenical Temple
  3424 | Temple   | Became a worshipper of Warmaster Okawaru
  3469 | D:5      | Reached XP level 7. HP: 57/57 MP: 6/6
  3607 | D:6      | Reached skill level 8 in Axes
  3932 | D:6      | Reached skill level 9 in Axes
  4299 | D:6      | Reached skill level 5 in Dodging
  4304 | D:6      | Reached * piety under Okawaru
  4557 | D:7      | Reached XP level 8. HP: 64/64 MP: 7/7
  4682 | D:7      | Reached skill level 10 in Axes
  4769 | D:7      | Reached skill level 11 in Axes
  4774 | D:7      | Reached ** piety under Okawaru
  4780 | D:7      | Reached XP level 9. HP: 52/70 MP: 8/8
  5138 | D:7      | Reached skill level 12 in Axes
  5338 | D:7      | Reached *** piety under Okawaru
  5338 | D:7      | Reached skill level 13 in Axes
  5715 | D:7      | Found Uppiuwilee's General Store.
  5723 | D:7      | Bought a meat ration for 50 gold pieces
  5723 | D:7      | Bought a meat ration for 50 gold pieces
  5723 | D:7      | Bought a potion of heal wounds for 50 gold pieces
  6098 | D:8      | Noticed Prince Ribbit
  6119 | D:8      | Killed Prince Ribbit
  6349 | D:8      | Reached XP level 10. HP: 77/77 MP: 9/9
  6383 | D:8      | Reached **** piety under Okawaru
  6383 | D:8      | Reached skill level 14 in Axes
  6707 | D:8      | Found a staircase to the Lair.
  7252 | D:8      | Found an ancient bone altar of Kikubaaqudgha.
  8219 | D:8      | Reached skill level 15 in Axes
  8607 | D:10     | Entered Level 10 of the Dungeon
  8985 | Lair:1   | Entered Level 1 of the Lair of Beasts
  9024 | Lair:1   | Reached skill level 10 in Dodging
  9035 | Lair:1   | Reached ***** piety under Okawaru
  9378 | Lair:1   | Noticed Host24's ghost (novice KoHu)
  9456 | Lair:1   | Killed Host24's ghost
  9456 | Lair:1   | Reached skill level 16 in Axes
  9456 | Lair:1   | Reached XP level 11. HP: 58/82 MP: 7/10
  9708 | Lair:1   | Noticed Gastronok
 10201 | Lair:2   | Received a gift from Okawaru
 10209 | Lair:2   | Found a hole to the Spider Nest.
 10953 | Lair:2   | Reached skill level 17 in Axes
 11117 | Lair:2   | Noticed an eight-headed hydra
 11642 | Lair:3   | Found a staircase to the Swamp.
 11723 | Lair:3   | Received a gift from Okawaru
 12231 | Lair:4   | Noticed Urug
 12236 | Lair:4   | Reached skill level 18 in Axes
 12239 | Lair:4   | Reached XP level 12. HP: 79/90 MP: 8/11
 12247 | Lair:4   | Killed Urug
 12247 | Lair:4   | Reached ****** piety under Okawaru
 12507 | Lair:4   | Found a frozen archway.
 12509 | Lair:4   | Noticed an ice dragon
 12539 | Lair:4   | Gained mutation: You have sharp fingernails. [potion of beneficial mutation]
 12895 | Lair:4   | Killed an ice dragon
 13235 | Lair:4   | Reached skill level 19 in Axes
 13244 | Lair:4   | Lost mutation: You have sharp fingernails. [potion of cure mutation]
 13479 | Lair:3   | Noticed a catoblepas
 13730 | Lair:4   | Received a gift from Okawaru
 13739 | Lair:4   | Got a faintly glowing cloak {god gift}
 13750 | Lair:4   | Identified the +1 cloak of Afuaho {*Corrode rF+ Slay+5} (Okawaru gifted it to you on level 4 of the Lair of Beasts)
 14113 | Lair:4   | Noticed a death yak
 14113 | Lair:4   | Noticed a death yak
 14396 | Lair:4   | Noticed a death yak
 14399 | Lair:4   | Noticed a catoblepas
 14419 | Lair:3   | Killed a death yak
 14450 | Lair:3   | Killed a catoblepas
 14450 | Lair:3   | Reached XP level 13. HP: 68/95 MP: 7/12
 14581 | Lair:3   | Reached skill level 20 in Axes
 15566 | Lair:4   | Received a gift from Okawaru
 16376 | Lair:4   | Reached skill level 5 in Armour
 16391 | Lair:4   | HP: 1/95 [eight-headed hydra (13)]
 16392 | Lair:4   | Mangled by an eight-headed hydra

Skill      XL: |  1  2  3  4  5  6  7  8  9 10 11 12 13 |
---------------+----------------------------------------+-----
Axes           | 3 4 6 7 9 11 13 16 18 19 20 | 20.5
Dodging        | 1 2 3 5 6 8 10 11 13 | 13.5
Armour         | 5 |  5.1
Fighting       | |  3.6
Stealth        | |  0.3
Shields        | |  3.6

Action                   |  1- 3 |  4- 6 |  7- 9 | 10-12 | 13-15 || total
-------------------------+-------+-------+-------+-------+-------++-------
Melee: War axe           |    67 |    83 |   270 |   299 |       ||   719
       Headbutt          |    10 |    27 |    55 |   125 |    27 ||   244
       Hand axe          |    16 |    54 |       |       |       ||    70
       Executioner's axe |       |       |       |   293 |   105 ||   398
Invok: Heroism           |       |       |       |     2 |     4 ||     6
Evoke: Wand              |       |       |       |     2 |     1 ||     3
  Use: Scroll            |       |     9 |     1 |    17 |     1 ||    28
       Potion            |       |       |     4 |    16 |     1 ||    21
  Eat: Chunk             |       |     8 |     5 |    23 |     2 ||    38
       Meat ration       |       |       |     1 |       |       ||     1
       Beef jerky        |       |       |       |     2 |     1 ||     3
       Fruit             |       |       |       |       |     3 ||     3
Armor: Scale mail        |    33 |    44 |    70 |   158 |    12 ||   317
       Skin              |       |       |       |   112 |       ||   112
       Ring mail         |       |       |       |       |    13 ||    13
Dodge: Dodged            |    21 |    27 |    76 |   382 |   137 ||   643
Block: Shield            |    32 |    59 |    96 |   114 |       ||   301
